 Dungeon Crawl Stone Soup version 0.31-a0-1522-g43313d8a59 (webtiles) character file.

Game seed: 12768907998562390431

28 AstroCodex24 the Covered (level 3, 0/30 HPs)
             Began as a Barachi Fighter on Dec 31, 2023.
             Succumbed to a scorpion's poison
             ... on level 4 of the Dungeon.
             The game lasted 00:01:40 (307 turns).

AstroCodex24 the Covered (Barachi Fighter)           Turns: 307, Time: 00:01:40

Health: 0/30       AC:  8    Str: 19    XL:     3   Next: 14%
Magic:  12/12      EV:  9    Int:  8    God:
Gold:   10         SH:  4    Dex: 11    Spells: 2/2 levels left

rFire   . . .        a - +0 war axe
rCold   . . .        c - +0 buckler
rNeg    . . .        b - +0 scale mail
rPois   .            (no helmet)
rElec   .            (no cloak)
rCorr   .            i - +0 pair of gloves
SInv    .            (no boots)
Will    .....        (no amulet) Stlth
                     e - ring of magical power
HPRegen 0.25/turn    (no ring)
MPRegen 0.13/turn

%: no passive effects
@: lethally poisoned (0 -> -4), slow
A: amphibious, slowness 1, strong legs 1, +LOS
a: Hop


You were on level 4 of the Dungeon.
You visited 1 branch of the dungeon, and saw 4 of its levels.

You collected 10 gold pieces.

Inventory:

Hand Weapons
 a - a +0 war axe (weapon)
Armour
 b - a +0 scale mail (worn)
 c - a +0 buckler (worn)
 i - a +0 pair of gloves (worn)
Jewellery
 e - a ring of magical power (left hand)
Scrolls
 f - a scroll of teleportation {unknown}
 h - a scroll of blinking {unknown}
 j - a scroll of immolation {unknown}
Potions
 d - a potion of might
 g - a potion of brilliance {unknown}


   Skills:
 + Level 4.0 Fighting
 + Level 2.3 Axes
 + Level 4.1 Armour
 + Level 3.7 Shields


You had 2 spell levels left.
You didn't know any spells.
Your spell library was empty.

Dungeon Overview and Level Annotations

Branches:
Dungeon (4/15)
 Temple: D:4-7

Altars:


Innate Abilities, Weirdness & Mutations

You are amphibious.
You cover ground slowly.
You can hop short distances.
You have an extended range of vision and can be seen from far away.


Message History

The hobgoblin hits you.
You barely miss the scorpion.
The scorpion is heavily wounded.
You closely miss the hobgoblin. The scorpion closely misses you.
The hobgoblin barely misses you.
The scorpion stings you but does no damage.
You hit the scorpion.
The scorpion is heavily wounded.
You hit the hobgoblin. The scorpion barely misses you.
The hobgoblin hits you but does no damage.
The scorpion barely misses you.
The hobgoblin hits you but does no damage.
You barely miss the scorpion.
The scorpion is heavily wounded.
You hit the hobgoblin.
You kill the hobgoblin!
You block the scorpion's attack. The scorpion misses you.
You hit the scorpion but do no damage.
The scorpion is heavily wounded.
The scorpion stings you.
You closely miss the scorpion.
The scorpion is heavily wounded.
You block the scorpion's attack.
The scorpion stings you but does no damage.
You closely miss the scorpion.
The scorpion is heavily wounded.
The scorpion stings you.
* * * LOW HITPOINT WARNING * * *
You are poisoned.
The scorpion poisons you!
The scorpion stings you but does no damage.
You hit the scorpion but do no damage.
The scorpion is heavily wounded.
* * * LOW HITPOINT WARNING * * *
You feel very sick. The scorpion stings you.
* * * LOW HITPOINT WARNING * * *
You hit the scorpion.
The scorpion is severely wounded.
You die...

........<......#
.#...#.#...#...###
# # #..........
#..####.### ##.# #
#..# #.#.†#####
#...s$...#
###.@###.# #..#
#..# ...# ...##
##.# #. .. #.


You could see a scorpion.

Vanquished Creatures
  2 adders
  A dart slug (D:3)
  A ball python (D:1)
  A goblin (D:1)
  2 hobgoblins
  A quokka (D:3)
  A rat (D:1)
9 creatures vanquished.

Notes
Turn   | Place    | Note
-------+----------+-------------------------------------------
     0 | D:1      | AstroCodex24 the Barachi Fighter began the quest for the
                  | Orb.
     0 | D:1      | Reached XP level 1. HP: 18/18 MP: 1/1
   195 | D:3      | Reached XP level 2. HP: 11/25 MP: 2/2
   288 | D:4      | Noticed a scorpion
   293 | D:4      | Reached XP level 3. HP: 20/30 MP: 3/3
   306 | D:4      | HP: 1/30 [scorpion (5)]
   307 | D:4      | Succumbed to a scorpion's poison

Illustrated notes

Levels and vault maps discovered:
D:1:      roadster_arrival_rocket_small, layout_basic,
          ebering_ecumenical_altar_petrified
D:2:      minmay_skewed_foursquare, layout_basic, nicolae_titane
D:3:      layout_rooms, minmay_quadrilaterals
D:4:      layout_loops_ring, minmay_temple_entry_mist, serial_library,
          serial_library_hellmonk_room_b, serial_library_hellmonk_open_square,
          serial_library_hellmonk_junction,
          serial_library_hellmonk_long_bookcase,
          serial_library_hellmonk_hallway_a, uniq_eustachio, uniq_ijyb

Skill      XL: |  1  2 |
---------------+-------+-----
Armour         | 4 |  4.1
Fighting       | 4 |  4.0
Axes           | |  2.3
Shields        | |  3.7

Action                     || total
---------------------------++-------
  Melee: War axe           ||    39
 Armour: Scale mail        ||    41
  Dodge: Dodged            ||    22
  Block: Buckler           ||    14

Table legend: (Time is in decaauts)
 A = Elapsed time spent in this place.
 B = Non-inter-level travel time spent in this place.
 C = Inter-level travel time spent in this place.
 D = Time resting spent in this place.
 E = Time spent auto-exploring this place.
 F = Levels seen in this place.
 G = Mean time per level.
                   A        B        C        D        E       F      G
               +--------+--------+--------+--------+--------+-----+--------+
         Total |    372 |    372 |      0 |      0 |      0 |   4 |   93.0 |
       Dungeon |    372 |    372 |      0 |      0 |      0 |   4 |   93.0 |
               +--------+--------+--------+--------+--------+-----+--------+

Top non-repeatable levels by time:
     D:3: 149 daAuts
     D:1: 127 daAuts
     D:2: 54 daAuts
     D:4: 40 daAuts
